Unix NetHack Version 5.0.0-0 post-release - last build Jul 19 2026 19:10:59 (3aa4ab31751d3886436d94b585a96704892fd477,branch:main).

Game began 2026-07-19 14:57:07, ended 2026-07-19 23:36:56.

4R1u, neutral male human Healer

                                                            ------------
   -------                                                  |..........|
   |..>..-##                                                |..........|
   |.....| #####                                          ##............#
   -------     #                                            ----------.-%
               #  -------                                             # #
               ###..{^..|              ########                     ### #
                  |......######## #####-......#                     #   #
                  |.....|       ###    #......#          ############   #
                  |......#########  ####......-#       ###              #
                  -------        ###.......################             #
                                    #......#      # --%---.-----      ###
                                    #{....{#      ##|........`.|      #-----
                                    ########       [|..........|      #|...|
                                                   #|..........|      #|...|
                                                   #-..........|      #|...|
                                                    |..........|      #....|
                                                    |...+...<@.|       |...|
                                                    ------------       -----

4R1u the Empiric             St:9 Dx:12 Co:13 In:11 Wi:16 Ch:16  Neutral
Dlvl:1  $:1320 HP:0(26) Pw:27(27) AC:10 Xp:3 T:1041  Hungry  

Latest messages:
 The wood nymph appears next to you!
 The wood nymph vanishes!
 You hit the gnome zombie.
 You miss the gnome zombie.
 You hit the gnome zombie.
 You miss the gnome zombie.
 You miss the gnome zombie.
 You destroy the gnome zombie!
 You see here a gnome corpse.
 Where do you want to travel to?  (For instructions type a '?')
 You hit the jackal.  The jackal bites!
 You kill the jackal!
 You hit the jackal.  The jackal bites!
 You kill the jackal!
 You hear a slow drip.
 Really save? [yn] (n) y
 Saving...
 Restoring save file...
 Hello 4R1u, the human Healer, welcome back to NetHack!
 You are beginning to feel hungry.
 You hear a gurgling noise.
 Drink from the fountain? [yn] (n) y
 This tepid water is tasteless.
 Drink from the fountain? [yn] (n) y
 This tepid water is tasteless.
 There is a doorway here.
 You see here 2 jackal corpses.
 You begin bashing monsters with your bare hands.
 You hit the green mold.
 You are splashed by the green mold's acid!
 You miss the green mold.
 You miss the green mold.
 You miss the green mold.
 You kill the green mold!
 You see here a green mold corpse.
 a - a green mold corpse.
 What do you want to eat? [a or ?*] a
 You have a very bad case of stomach acid.
 You finish eating the green mold corpse.
 You kill the green mold!
 You are splashed by the green mold's acid!
 You see here a green mold corpse.
 There is a green mold corpse here; eat it? [ynq] (n) y
 You have a very bad case of stomach acid.
 You die...
 Do you want your possessions identified? [ynq] (y) y
 Do you want to see your attributes? [ynq] (y) y
 Do you want an account of creatures vanquished? [ynaq] (y) y
 Do you want to see your conduct and achievements? [ynq] (y) y
 Do you want to see the dungeon overview? [ynq] (y) y

Inventory:
 Coins    ('$')
  $ - 1320 gold pieces

4R1u the Healer's attributes:

Background:
 You were an Empiric, a level 3 male human Healer.
 You were neutral, nominally on a mission for Hermes
 who was opposed by Athena (lawful) and Poseidon (chaotic).
 You were right-handed.
 You were in the Dungeons of Doom, on level 1.
 You entered the dungeon 1041 turns ago.
 It was nighttime.
 You had 61 experience points, 19 more were needed to attain level 4.

Basics:
 You had 0 out of 26 hit points.
 You had all 27 energy points (spell power).
 Your armor class was 10.
 Your wallet contained 1320 zorkmids.
 Autopickup was off.

Final Characteristics:
 Your strength was 9 (limit:18/100).
 Your dexterity was 12 (limit:18).
 Your constitution was 13 (limit:18).
 Your intelligence was 11 (limit:18).
 Your wisdom was 16 (limit:18).
 Your charisma was 16 (limit:18).

Final Status:
 You were hungry.
 You were unencumbered.
 You were bare handed.
 You were unskilled in bare handed combat and could have enhanced that.
 You weren't wearing any armor.

Final Attributes:
 You were devoutly aligned.
 You were poison resistant.
 You are dead.

Miscellaneous:
 You didn't encounter any bones levels.
 Total elapsed playing time was 20 minutes and 20 seconds.

Major events:
 Turn
    1: 4R1u the neutral male human Healer entered the dungeon
  788: attained the rank of Empiric (level 3)
 1041: killed by an acidic corpse

Spells:
 Name                 Level Category     Fail Retention
 healing                1   healing        0%  91%-100%
 extra healing          3   healing        0%  91%-100%
 stone to flesh         3   healing        4%  91%-100%

Skills:
 Fighting Skills
   bare handed combat [Unskilled]
 Weapon Skills
   dagger             [Unskilled]
   knife              [Basic]
   short sword        [Unskilled]
   saber              [Unskilled]
   club               [Unskilled]
   mace               [Unskilled]
   quarterstaff       [Unskilled]
   polearms           [Unskilled]
   spear              [Unskilled]
   trident            [Unskilled]
   sling              [Unskilled]
   dart               [Unskilled]
   shuriken           [Unskilled]
   unicorn horn       [Unskilled]
 Spellcasting Skills
   healing spells     [Basic]

Voluntary challenges:
 Character rerolling was not enabled.
 You were an atheist.
 You never genocided any monsters.
 You never polymorphed an object.
 You never changed form.
 You used no wishes.
Achievement:
 You attained the rank of Empiric.

 The Dungeons of Doom:
    Level 1: <- You were here.
       Some fountains, a sink, many trees.
       Final resting place for
          you, killed by an acidic corpse.


Vanquished creatures:
  a wood nymph
  2 green molds
  a gnome zombie
  3 jackals
  2 foxes
  a kobold
  4 goblins
  a sewer rat
  7 grid bugs
  3 lichens
  3 newts
28 creatures vanquished.

No species were genocided or became extinct.

Game over:
                       ----------
                      /          \
                     /    REST    \
                    /      IN      \
                   /     PEACE      \
                  /                  \
                  |       4R1u       |
                  |     1320 Au      |
                  |   killed by an   |
                  |  acidic corpse   |
                  |                  |
                  |                  |
                  |       2026       |
                 *|     *  *  *      | *
        _________)/\\_//(\/(/\)/\//\/|_)_______

Goodbye 4R1u the Healer...

You died in The Dungeons of Doom on dungeon level 1 with 244 points,
and 1320 pieces of gold, after 1041 moves.
You were level 3 with a maximum of 26 hit points when you died.

